 Dungeon Crawl Stone Soup version 0.30.1-11-g7821555f0a (webtiles) character file.

Game seed: 2546846684387657458

1633 lonewolfV2 the Chopper (level 8, -7/64 HPs)
             Began as a Demonspawn Fighter on Oct 30, 2023.
             Was a Believer of Qazlal.
             Mangled by a cyan ugly thing (17 damage)
             ... on level 7 of the Dungeon.
             The game lasted 00:08:25 (5386 turns).

lonewolfV2 the Chopper (Demonspawn Fighter)         Turns: 5386, Time: 00:08:25

Health: -7/64      AC:  7    Str: 16    XL:     8   Next: 66%
Magic:  12/12      EV: 16    Int:  9    God:    Qazlal [**....]
Gold:   407        SH: 13    Dex: 18    Spells: 7/7 levels left

rFire   . . .        a - +0 war axe
rCold   . . .        c - +0 buckler
rNeg    . . .        b - +0 scale mail
rPois   .            (no helmet)
rElec   .            (no cloak)
rCorr   .            (no gloves)
SInv    .            (no boots)
Will    +....        p - amulet of reflection
Stlth   +            f - +5 ring of evasion
HPRegen 0.30/turn    l - ring of willpower
MPRegen 0.26/turn

%: reflection
@: mighty, mesmerised
A: hooves 1, thin skeletal structure 1, magic regeneration
a: Renounce Religion, Upheaval


You were on level 7 of the Dungeon.
You worshipped Qazlal.
Qazlal was pleased with you.
You visited 1 branch of the dungeon, and saw 7 of its levels.

You collected 407 gold pieces.

Inventory:

Hand Weapons
 a - a +0 war axe (weapon)
Armour
 b - a +0 scale mail (worn)
 c - a +0 buckler (worn)
Jewellery
 f - a +5 ring of evasion (left hand)
 i - a ring of flight
 l - a ring of willpower (right hand)
 p - an amulet of reflection (around neck)
Wands
 h - a wand of flame (8)
 u - a wand of quicksilver (11)
 v - a wand of mindburst (10)
Scrolls
 e - a scroll of amnesia
 m - 2 scrolls of blinking
 r - a scroll of teleportation
Potions
 d - 3 potions of might
 g - 2 potions of resistance
 j - a potion of haste
 k - a potion of berserk rage {unknown}
 n - 2 potions of ambrosia
 o - 2 potions of mutation {unknown}
 q - a potion of flight {unknown}
 s - a potion of brilliance {unknown}
 t - a potion of lignification {unknown}


   Skills:
 - Level 5.7 Fighting
 - Level 5.8 Axes
 + Level 4.3 Armour
 + Level 4.3 Dodging
 - Level 2.6 Shields
 - Level 5.7 Invocations


You had 7 spell levels left.
You didn't know any spells.
Your spell library contained the following spells:

 Spells                   Type           Power      Damage    Failure   Level
 Apportation              Tloc           0%         N/A       88%         1
 Necrotise                Necr           0%         1d4       88%         1
 Summon Small Mammal      Summ           0%         N/A       88%         1
 Call Canine Familiar     Summ           0%         N/A       99%         3
 Summon Guardian Golem    Hex/Summ       0%         N/A       99%         3


Dungeon Overview and Level Annotations

Branches:
Dungeon (7/15)             Temple (0/1) D:5

Altars:
Qazlal
Trog

Shops:
D:2 ?   D:6 :

Annotations:
D:5 1 runed translucent door, kaesle's ghost, novice HOFi
D:7 Maggie


Innate Abilities, Weirdness & Mutations

You have large cloven feet.
You have a somewhat thin skeletal structure. (Dex +2, Stealth+)
You regenerate magic rapidly.


Message History

An orc comes into view. It is wielding a +0 trident.
You hit the ogre.
The ogre is heavily wounded.
You block the ogre's attack.
You barely miss the ogre. Your kick misses the ogre.
The ogre is heavily wounded.
A white imp comes into view.
The ogre closely misses you.
An orc comes into view. It is wielding a +0 dagger.
The white imp shouts, "Scamper hence, thou unctious beef-witted simpleton!"
You hit the ogre. You kick the ogre, but do no damage.
The ogre is severely wounded.
You block the ogre's attack.
You slash the ogre!
You kill the ogre!
Qazlal accepts your kill.
You feel very mighty all of a sudden. The cyan ugly thing closely misses you.
Maggie says, "Fear not.
I will immortalize you in the tale of my first kill."
You slash the cyan ugly thing!
The cyan ugly thing is lightly wounded.
The cyan ugly thing closely misses you.
Maggie gestures wildly while chanting.
Maggie attempts to bespell you!
You are mesmerised by Maggie!
The cyan ugly thing closely misses you.
You slash the cyan ugly thing! You kick the cyan ugly thing!
The cyan ugly thing is heavily wounded.
The cyan ugly thing headbutts you! The cyan ugly thing shocks you!
You slash the cyan ugly thing!
The cyan ugly thing is severely wounded.
The cyan ugly thing headbutts you. The cyan ugly thing shocks you!
Maggie gestures wildly while chanting.
Maggie draws you further into her thrall.
You slash the cyan ugly thing!
The cyan ugly thing is almost dead.
The cyan ugly thing headbutts you!
* * * LOW HITPOINT WARNING * * *
The cyan ugly thing shocks you!
You die...

?. # .. ..
###. #.. ..[
.O ..
..##.#@#######
.......#osu@.#
#.....@o####.#
#......o# .#
.....@.o# .#
?...o...# .#
....?.... ..
#.u.....# .#
#.......# .#
#.......#


You could see a cyan ugly thing, Maggie (mesmerising), a scorpion and 2 orcs.

Vanquished Creatures
  A steam dragon (D:6)
  An ice beast (D:6)
  4 black bears
  2 ogres
  3 scorpions
  4 jellies
  4 hounds
  3 orc priests
  3 iguanas
  2 orc wizards (D:6)
  8 gnolls (D:5)
  6 adders
  A white imp (D:6)
  2 ufetubi
  3 worms (D:3)
  3 dart slugs
  8 orcs
  8 ball pythons
  5 bats
  11 endoplasms
  3 giant cockroaches
  8 goblins
  4 hobgoblins
  11 kobolds
  A quokka (D:3)
  4 frilled lizards
  5 rats
118 creatures vanquished.

Notes
Turn   | Place    | Note
-------+----------+-------------------------------------------
     0 | D:1      | lonewolfV2 the Demonspawn Fighter began the quest for the
                  | Orb.
     0 | D:1      | Reached XP level 1. HP: 18/18 MP: 1/1
   168 | D:1      | Gained mutation: You regenerate magic rapidly. [demonic
                  | ancestry]
   168 | D:1      | Reached XP level 2. HP: 24/24 MP: 2/2
   741 | D:2      | Found a stormy altar of Qazlal.
   768 | D:2      | Became a worshipper of Qazlal Stormbringer
   822 | D:2      | Gained mutation: You have a somewhat thin skeletal
                  | structure. (Dex +2, Stealth+) [demonic ancestry]
   822 | D:2      | Reached XP level 3. HP: 28/29 MP: 3/3
   824 | D:2      | Found a faded altar of an unknown god.
  1122 | D:2      | Found Fuilar Yrpho's Magic Scroll Boutique.
  1425 | D:3      | Identified the +2 quarterstaff of Myast {heavy, rF+}
  1618 | D:3      | Reached skill level 1 in Invocations
  1663 | D:3      | Gained mutation: You have large cloven feet. [demonic
                  | ancestry]
  1663 | D:3      | Reached XP level 4. HP: 27/37 MP: 4/4
  1760 | D:3      | Reached * piety under Qazlal
  2140 | D:4      | Noticed a black bear
  2157 | D:4      | Killed a black bear
  2158 | D:4      | Reached XP level 5. HP: 15/42 MP: 6/6
  2557 | D:4      | Noticed an ogre
  2575 | D:4      | Killed an ogre
  2576 | D:4      | Reached XP level 6. HP: 23/49 MP: 8/8
  3143 | D:5      | Entered Level 5 of the Dungeon
  3143 | D:5      | Found a bloodstained altar of Trog.
  3155 | D:5      | Reached skill level 5 in Axes
  3290 | D:5      | Reached ** piety under Qazlal
  3333 | D:5      | Reached XP level 7. HP: 33/55 MP: 10/10
  3589 | D:5      | Reached skill level 5 in Fighting
  3606 | D:5      | Reached skill level 5 in Invocations
  4253 | D:5      | Found a runed translucent door.
  4254 | D:5      | Noticed kaesle's ghost (novice HOFi)
  4312 | D:5      | Reached skill level 1 in Dodging
  4312 | D:5      | Reached XP level 8. HP: 64/64 MP: 12/12
  4415 | D:5      | Found a staircase to the Ecumenical Temple.
  5010 | D:6      | Found Myofac's Book Boutique.
  5360 | D:7      | Noticed Maggie
  5367 | D:7      | Noticed a cyan ugly thing
  5386 | D:7      | Mangled by a cyan ugly thing

Illustrated notes

Levels and vault maps discovered:
D:1:      dpeg_arrival_rooms_b, layout_loops_ring
D:2:      layout_basic, chequers_ecumenical_altar_island, basic_altar,
          serial_shops, nicolae_shop_rolled_up
D:3:      layout_loops_ring, minmay_fractal_squares_diagonal_5
D:4:      layout_loops_cross, kennysheep_boxes
D:5:      nicolae_cairo_tiling, layout_rooms,
          mainiacjoe_overflow_catch_the_wave, minmay_temple_entry_nine_rooms,
          ebering_ghost_inner_flame
D:6:      layout_gridville, serial_shops, nicolae_shop_hallway_plus, hex_large
D:7:      layout_basic, chequers_garden, minmay_manual_mess, uniq_maggie,
          uniq_duvessa

Skill      XL: |  1  2  3  4  5  6  7  8 |
---------------+-------------------------+-----
Axes           | 2 3 4 5 |  5.8
Invocations    | 1 2 3 4 5 |  5.7
Fighting       | 4 5 |  5.7
Dodging        | 1 4 |  4.3
Armour         | 4 |  4.3
Shields        | |  2.6

Action                     |  1- 3 |  4- 6 |  7- 9 || total
---------------------------+-------+-------+-------++-------
  Melee: War axe           |   126 |   109 |   171 ||   406
         Kick              |       |    28 |    63 ||    91
    Use: Scroll            |     6 |     4 |     2 ||    12
         Potion            |       |     4 |     2 ||     6
 Armour: Scale mail        |    66 |    43 |    49 ||   158
  Dodge: Dodged            |    90 |   102 |   111 ||   303
  Block: Buckler           |    28 |    57 |   121 ||   206
